PAAA
BAKERSFIELD NOBLES @ OCEANSIDE AVIATORS
09/22/2020
 
TOP OF THE 1ST
Bakersfield Nobles batting - Pitching for Oceanside Aviators : RHP Connor Dale
Pitching: RHP Connor Dale
Batting: RHB Miguel Márquez 0-0: Ball
1-0: Called Strike
1-1: Ball
2-1: Called Strike
2-2: Ball
3-2: Base on Balls
Batting: SHB Jon Jenkins 0-0: Ball
1-0: Foul Ball, location: 2F
1-1: Ball
Miguel Márquez is caught stealing 2nd base
2-1: Reached on error, E6 (Groundball, 6)
Batting: RHB Jorge Gonzáles 0-0: Ball
1-0: Foul Ball, location: 2F
1-1: Fly out, F8 (Flyball, 8RD)
Batting: RHB Lawrence Olsen 0-0: Called Strike
Jon Jenkins is caught stealing 2nd base
Top of the 1st over - 0 run(s), 0 hit(s), 1 error(s), 0 left on base; Bakersfield 0 - Oceanside 0
BOTTOM OF THE 1ST
Oceanside Aviators batting - Pitching for Bakersfield Nobles : LHP Bryan Houston
Pitching: LHP Bryan Houston
Batting: RHB Tim Little 0-0: Fly out, F2 (Popup, 25F)
Batting: LHB Robert Bond 0-0: Called Strike
0-1: Fly out, F2 (Popup, 13S)
Batting: RHB Bernardo Herrera 0-0: Ball
1-0: Ball
2-0: Ground out 6-3 (Groundball, 6M)
Bottom of the 1st over - 0 run(s), 0 hit(s), 0 error(s), 0 left on base; Bakersfield 0 - Oceanside 0
TOP OF THE 2ND
Bakersfield Nobles batting - Pitching for Oceanside Aviators : RHP Connor Dale
Batting: RHB Lawrence Olsen 0-0: Ball
1-0: Ball
2-0: Called Strike
2-1: Foul Ball, location: 2F
2-2: Ground out 5-3 (Groundball, 5L)
Batting: RHB Tamasaburo Kato 0-0: Called Strike
0-1: Foul Ball, location: 2F
0-2: Ball
1-2: Ball
2-2: SINGLE (Groundball, 6M)
Batting: LHB Emery Miller 0-0: Foul Ball, location: 2F
0-1: Ground out 5-3 (Groundball, 56S)
Tamasaburo Kato to second
Batting: RHB Juan Alba 0-0: SINGLE (Flyball, 78M)
Tamasaburo Kato to third
Runner from 3rd tries for Home, throw and OUT!
Top of the 2nd over - 0 run(s), 2 hit(s), 0 error(s), 1 left on base; Bakersfield 0 - Oceanside 0
BOTTOM OF THE 2ND
Oceanside Aviators batting - Pitching for Bakersfield Nobles : LHP Bryan Houston
Batting: RHB Jacob Holt 0-0: Swinging Strike
0-1: Ball
1-1: Ball
2-1: Fly out, F9 (Flyball, 9LM)
Batting: SHB Robbie Anderson 0-0: Ball
1-0: Foul Ball, location: 2F
1-1: Ball
2-1: Ball
3-1: Called Strike
3-2: Strikes out swinging
Batting: RHB Eric D'Angle 0-0: Ball
1-0: Fly out, F8 (Flyball, 8RS)
Bottom of the 2nd over - 0 run(s), 0 hit(s), 0 error(s), 0 left on base; Bakersfield 0 - Oceanside 0
TOP OF THE 3RD
Bakersfield Nobles batting - Pitching for Oceanside Aviators : RHP Connor Dale
Batting: LHB Bartolo Benítez 0-0: Called Strike
0-1: Foul Ball, location: 2F
0-2: SINGLE (Groundball, 56D)
Batting: RHB Bobby Christopher 0-0: Ball
1-0: Foul Ball, location: 2F
1-1: Foul Ball, location: 2F
1-2: Ball
2-2: Strikes out looking
Batting: RHB Miguel Márquez 0-0: Called Strike
0-1: Ball
1-1: SINGLE (Line Drive, 4D)
Bartolo Benítez to second
Batting: SHB Jon Jenkins 0-0: Ball
1-0: Called Strike
1-1: Grounds into double play, 5-4-3 (Groundball, 5D)
Top of the 3rd over - 0 run(s), 2 hit(s), 0 error(s), 1 left on base; Bakersfield 0 - Oceanside 0
BOTTOM OF THE 3RD
Oceanside Aviators batting - Pitching for Bakersfield Nobles : LHP Bryan Houston
Batting: RHB Jason Shaffer 0-0: Ball
1-0: Swinging Strike
1-1: Called Strike
1-2: Ball
2-2: Ball
3-2: SINGLE (Line Drive, 9S)
Batting: RHB Don Brown 0-0: Grounds into double play, 6-4-3 (Groundball, 6M)
Batting: RHB Ingo van Ham 0-0: Ball
1-0: Ball
2-0: Ball
3-0: Called Strike
3-1: Base on Balls
Batting: RHB Tim Little 0-0: Called Strike
0-1: Ball
1-1: Swinging Strike
1-2: Foul Ball, location: 2F
1-2: Ground out 6-3 (Groundball, 56)
Bottom of the 3rd over - 0 run(s), 1 hit(s), 0 error(s), 1 left on base; Bakersfield 0 - Oceanside 0
TOP OF THE 4TH
Bakersfield Nobles batting - Pitching for Oceanside Aviators : RHP Connor Dale
Batting: RHB Jorge Gonzáles 0-0: Called Strike
0-1: Fly out, F4 (Line Drive, 4)
Batting: RHB Lawrence Olsen 0-0: Called Strike
0-1: Ball
1-1: Called Strike
1-2: Strikes out looking
Batting: RHB Tamasaburo Kato 0-0: Ball
1-0: Ball
2-0: Ball
3-0: Called Strike
3-1: Base on Balls
Batting: LHB Emery Miller 0-0: Foul Ball, location: 2F
0-1: Foul Ball, location: 2F
0-2: Ball
1-2: Fly out, F6 (Line Drive, 6M)
Top of the 4th over - 0 run(s), 0 hit(s), 0 error(s), 1 left on base; Bakersfield 0 - Oceanside 0
BOTTOM OF THE 4TH
Oceanside Aviators batting - Pitching for Bakersfield Nobles : LHP Bryan Houston
Batting: LHB Robert Bond 0-0: Swinging Strike
0-1: Ball
1-1: Ball
2-1: Ball
3-1: Called Strike
3-2: Fly out, F7 (Flyball, 7M)
Batting: RHB Bernardo Herrera 0-0: Foul Ball, location: 2F
0-1: Foul Ball, location: 2F
0-2: Ball
1-2: Ball
2-2: Strikes out swinging
Batting: RHB Jacob Holt 0-0: Swinging Strike
0-1: Ball
1-1: Fly out, F8 (Flyball, 8RS)
Bottom of the 4th over - 0 run(s), 0 hit(s), 0 error(s), 0 left on base; Bakersfield 0 - Oceanside 0
TOP OF THE 5TH
Bakersfield Nobles batting - Pitching for Oceanside Aviators : RHP Connor Dale
Batting: RHB Juan Alba 0-0: Ball
1-0: Fly out, F7 (Flyball, 7M)
Batting: LHB Bartolo Benítez 0-0: Ground out 4-3 (Groundball, 34)
Batting: RHB Bobby Christopher 0-0: Ball
1-0: Ball
2-0: Called Strike
2-1: Called Strike
2-2: Ball
3-2: Ground out 5-3 (Groundball, 56S)
Top of the 5th over - 0 run(s), 0 hit(s), 0 error(s), 0 left on base; Bakersfield 0 - Oceanside 0
BOTTOM OF THE 5TH
Oceanside Aviators batting - Pitching for Bakersfield Nobles : LHP Bryan Houston
Batting: SHB Robbie Anderson 0-0: Ball
1-0: Ground out 4-3 (Groundball, 4D)
Batting: RHB Eric D'Angle 0-0: Called Strike
0-1: SINGLE (Groundball, 34D)
Batting: RHB Jason Shaffer 0-0: Ball
1-0: Ball
2-0: Swinging Strike
2-1: Called Strike
2-2: Fly out, F7 (Flyball, 7S)
Batting: RHB Don Brown 0-0: Called Strike
0-1: Ball
1-1: Ball
2-1: 2-RUN HOME RUN (Flyball, 7D), Distance : 376 ft
Batting: RHB Ingo van Ham 0-0: Fly out, F8 (Flyball, 8LD)
Bottom of the 5th over - 2 run(s), 2 hit(s), 0 error(s), 0 left on base; Bakersfield 0 - Oceanside 2
TOP OF THE 6TH
Bakersfield Nobles batting - Pitching for Oceanside Aviators : RHP Connor Dale
Batting: RHB Miguel Márquez 0-0: Ball
1-0: Fly out, F4 (Line Drive, 4M)
Batting: SHB Jon Jenkins 0-0: Ball
1-0: Ball
2-0: Foul Ball, location: 2F
2-1: Foul Ball, location: 2F
2-2: Ball
3-2: SINGLE (Groundball, 4MD)
Batting: RHB Jorge Gonzáles 0-0: Called Strike
0-1: Ball
1-1: SINGLE (Flyball, 8LS)
Jon Jenkins to second
Batting: RHB Lawrence Olsen 0-0: Called Strike
0-1: Ball
1-1: Foul Ball, location: 2F
1-2: Ball
2-2: Ball
Wild Pitch!
Jon Jenkins to third
Jorge Gonzáles to second
3-2: Ground out U3 (Groundball, 3L)
Batting: RHB Tamasaburo Kato 0-0: Ball
1-0: Foul Ball, location: 2F
1-1: Called Strike
1-2: Ball
2-2: Ball
3-2: Fly out, F9 (Flyball, 9M)
Top of the 6th over - 0 run(s), 2 hit(s), 0 error(s), 2 left on base; Bakersfield 0 - Oceanside 2
BOTTOM OF THE 6TH
Oceanside Aviators batting - Pitching for Bakersfield Nobles : LHP Bryan Houston
Batting: RHB Tim Little 0-0: SINGLE (Groundball, 13) (infield hit)
Batting: LHB Robert Bond 0-0: Ball
1-0: Ball
2-0: Ball
3-0: Called Strike
3-1: Sac Bunt - play at first, batter OUT! 2-4
Tim Little to second
Batting: RHB Bernardo Herrera 0-0: Ball
1-0: Ball
2-0: Called Strike
2-1: Ball
3-1: Called Strike
3-2: Base on Balls
Batting: RHB Jacob Holt 0-0: Ball
1-0: Ball
Tim Little steals 3rd base
Bernardo Herrera to second
2-0: Called Strike
2-1: Ground out 5-3 (Groundball, 56)
Batting: SHB Robbie Anderson 0-0: Fly out, F8 (Popup, 8RS)
Bottom of the 6th over - 0 run(s), 1 hit(s), 0 error(s), 2 left on base; Bakersfield 0 - Oceanside 2
TOP OF THE 7TH
Bakersfield Nobles batting - Pitching for Oceanside Aviators : RHP Connor Dale
Batting: LHB Emery Miller 0-0: Ball
1-0: Called Strike
1-1: Foul Ball, location: 2F
1-2: SINGLE (Groundball, 6M)
Batting: RHB Juan Alba 0-0: Ball
1-0: Foul Ball, location: 2F
1-1: Ball
2-1: Foul Ball, location: 2F
2-2: Ball
3-2: Ground out 6-3 (Groundball, 6)
Emery Miller to second
Batting: LHB Bartolo Benítez 0-0: Foul Ball, location: 2F
0-1: Ball
Emery Miller steals 3rd base
1-1: Foul Ball, location: 2F
1-2: Ball
2-2: SINGLE (Line Drive, 8LS)
Emery Miller scores
Batting: RHB Bobby Christopher 0-0: Ball
1-0: Ball
2-0: Called Strike
2-1: Swinging Strike
2-2: Grounds into double play, 6-4-3 (Groundball, 6)
Top of the 7th over - 1 run(s), 2 hit(s), 0 error(s), 0 left on base; Bakersfield 1 - Oceanside 2
BOTTOM OF THE 7TH
Oceanside Aviators batting - Pitching for Bakersfield Nobles : LHP Bryan Houston
Batting: RHB Eric D'Angle 0-0: Fly out, F8 (Flyball, 8RXD)
Batting: RHB Jason Shaffer 0-0: Ground out 6-3 (Groundball, 6)
Batting: RHB Don Brown 0-0: Swinging Strike
0-1: Foul Ball, location: 2F
0-2: Ball
1-2: Ball
2-2: Ball
3-2: Base on Balls
Batting: RHB Ingo van Ham Pickoff Throw to First - Out!
Bottom of the 7th over - 0 run(s), 0 hit(s), 0 error(s), 0 left on base; Bakersfield 1 - Oceanside 2
TOP OF THE 8TH
Bakersfield Nobles batting - Pitching for Oceanside Aviators : RHP Connor Dale
Now in RF: Curt Bryant
Batting: RHB Miguel Márquez 0-0: Fly out, F3 (Popup, 3SF)
Batting: SHB Jon Jenkins 0-0: Foul Ball, location: 2F
0-1: Foul Ball, location: 2F
0-2: Foul Ball, location: 2F
0-2: Foul Ball, location: 2F
0-2: Ground out 5-3 (Groundball, 15S)
Batting: RHB Jorge Gonzáles 0-0: Ball
1-0: Ground out 5-3 (Groundball, 5L)
Top of the 8th over - 0 run(s), 0 hit(s), 0 error(s), 0 left on base; Bakersfield 1 - Oceanside 2
BOTTOM OF THE 8TH
Oceanside Aviators batting - Pitching for Bakersfield Nobles : LHP Bryan Houston
Batting: RHB Ingo van Ham 0-0: Called Strike
0-1: Ball
1-1: Called Strike
1-2: Fly out, F9 (Flyball, 3DF)
Batting: RHB Tim Little 0-0: Foul Ball, location: 2F
0-1: Called Strike
0-2: Foul Ball, location: 2F
0-2: Ball
1-2: Ball
2-2: Foul Ball, location: 2F
2-2: Ball
3-2: Foul Ball, location: 2F
3-2: Foul Ball, location: 2F
3-2: Ground out 6-3 (Groundball, 6)
Batting: LHB Robert Bond 0-0: Ball
1-0: Foul Ball, location: 2F
1-1: Foul Ball, location: 2F
1-2: Fly out, F4 (Line Drive, 4)
Bottom of the 8th over - 0 run(s), 0 hit(s), 0 error(s), 0 left on base; Bakersfield 1 - Oceanside 2
TOP OF THE 9TH
Bakersfield Nobles batting - Pitching for Oceanside Aviators : RHP Connor Dale
Pitching: RHP Jim Unknown
Batting: RHB Lawrence Olsen 0-0: SINGLE (Line Drive, 6D)
Batting: RHB Tamasaburo Kato 0-0: Called Strike
0-1: Foul Ball, location: 2F
0-2: Ball
1-2: DOUBLE (Flyball, 89D)
Lawrence Olsen to third
Batting: LHB Emery Miller 0-0: Called Strike
0-1: Ground out 4-3 (Groundball, 4)
Pinch Hitting: LHB Jeff Lee 0-0: Called Strike
0-1: Ground out 6-3 (Groundball, 6M)
Batting: LHB Bartolo Benítez 0-0: Called Strike
0-1: Swinging Strike
0-2: Ground out 5-3 (Groundball, 5S)
Top of the 9th over - 0 run(s), 2 hit(s), 0 error(s), 2 left on base; Bakersfield 1 - Oceanside 2
This league is powered by Out of the Park Baseball, the baseball management simulation game for PC, Mac and Linux
Friday, October 23rd, 2015 - OOTP Baseball 16.9 Build 39